 Dungeon Crawl Stone Soup version 0.31-a0-841-g038b102fc3 (webtiles) character file.

Game seed: 11348234591804107601

1019 LeprechaunX the Changeling (level 8, -4/81 HPs)
             Began as an Octopode Shapeshifter on Sept 27, 2023.
             Was an Initiate of Hepliaklqana.
             Killed by vampiric draining
             ... invoked by a vampire
              (15 damage)
             ... on level 6 of the Dungeon.
             The game lasted 00:09:08 (6403 turns).

LeprechaunX the Changeling (Octopode Shapeshifter)  Turns: 6403, Time: 00:09:09

Health: -4/81      AC: 28    Str: 15    XL:     8   Next: 22%
Magic:  8/8        EV:  2    Int: 12    God:    Hepliaklqana [......]
Gold:   338        SH:  0    Dex: 12    Spells: 7/7 levels left

rFire   . .          .
                       - Unarmed
rCold   . . .        (no shield)
rNeg    . . .        (helmet currently unavailable)
rPois   +            (no amulet)
rElec   .            p - +4 ring of protection
rCorr   .            (no ring)
SInv    .            (no ring)
Will    .....        (no ring)
Stlth   +            (no ring)
HPRegen 0.33/turn    (no ring)
MPRegen 0.11/turn    (no ring)
                     (no ring)

%: no passive effects
@: tree-form
A: stationary, stasis, torment immunity, boosted hp, almost no armour,
(amphibious), 8 rings, (camouflage 1), (gelatinous body 1), (nimble swimmer 1),
(tentacles)
a: Renounce Religion


You were on level 6 of the Dungeon.
You worshipped Hepliaklqana.
Hepliaklqana was noncommittal.
You were a tree.
You visited 2 branches of the dungeon, and saw 7 of its levels.

You collected 338 gold pieces.

Inventory:

Hand Weapons
 a - a +0 sling
Missiles
 k - 2 atropa-tipped darts
 B - 6 boomerangs (quivered)
Jewellery
 p - a +4 ring of protection (left branch)
Talismans
 b - a beast talisman
 c - a flux talisman
 j - a blade talisman
 C - a serpent talisman
Wands
 u - a wand of roots (12)
 y - a wand of light (10)
Scrolls
 e - 2 scrolls of amnesia {unknown}
 f - a scroll of silence {unknown}
 l - a scroll of fog {unknown}
 m - 3 scrolls of identify {unknown}
 o - a scroll of summoning {unknown}
 q - 2 scrolls of teleportation {unknown}
 t - 2 scrolls of fear {unknown}
 w - a scroll of enchant weapon {unknown}
 x - a scroll of vulnerability {unknown}
 A - a scroll of brand weapon {unknown}
Potions
 g - 2 potions of heal wounds {unknown}
 h - a potion of degeneration {unknown}
 i - a potion of cancellation {unknown}
 n - 2 potions of mutation {unknown}
 r - a potion of berserk rage {unknown}
 s - a potion of attraction {unknown}
 v - a potion of enlightenment {unknown}
 z - a potion of curing {unknown}
 D - 2 potions of might {unknown}


   Skills:
 + Level 4.2 Fighting
 - Level 4.0 Dodging
 + Level 5.1 Unarmed Combat
 * Level 6.3 Shapeshifting


You had 7 spell levels left.
You didn't know any spells.
Your spell library contained the following spells:

 Spells                   Type           Power      Damage    Failure   Level
 Foxfire                  Conj/Fire      0%         2x1d4     32%         1
 Kiss of Death            Conj/Necr      0%         2d5       32%         1
 Static Discharge         Conj/Air       0%         2-2/arc   45%         2
 Confusing Touch          Hex            0%         N/A       69%         3
 Ozocubu's Armour         Ice            0%         N/A       69%         3
 Airstrike                Air            0%         2d(0-16)  97%         4
 Dispel Undead            Necr           0%         3d6       97%         4
 Summon Lightning Spire   Summ/Air       0%         N/A       97%         4
 Plasma Beam              Fire/Air       0%         2x1d10    100%        6
 Starburst                Conj/Fire      0%         6d3       100%        6
 Ozocubu's Refrigeration  Ice            0%         4d7       100%        7


Dungeon Overview and Level Annotations

Branches:
Dungeon (6/15)             Temple (1/1) D:4

Altars:
Cheibriados
Dithmenos
Gozag
Hepliaklqana
Kikubaaqudgha
Okawaru
Ru
Sif Muna
Uskayaw
Vehumet
Xom
Yredelemnul
Zin
The Shining One

Shops:
D:1 *   D:5 *   D:6 =


Innate Abilities, Weirdness & Mutations

You are a tree.
Your roots penetrate the ground, keeping you stationary.
You cannot be teleported.
You are immune to unholy pain and torment.
Your maximum health is greatly increased.
You cannot wear most types of armour.
((You are amphibious.))
You can wear up to eight rings at the same time.
((Your skin changes colour to match your surroundings (Stealth+).))
((Your rubbery body absorbs attacks. (AC +1, EV +1)))
((You are camouflaged when in or above water. (Stealth+)))
((You have tentacles for arms and can constrict up to eight enemies at once.))


Message History

You squeeze the vampire, but do no damage.
The vampire is lightly damaged.
The vampire hits you. The vampire bites you.
The vampire draws strength from your injuries!
You're too confused to move!
The vampire hits you but does no damage.
The vampire closely misses you.
You bump into the rock wall.
The vampire hits you but does no damage.
The vampire bites you but does no damage.
You tentacle-slap the vampire.
The vampire is lightly damaged.
The vampire gestures wildly while chanting.
The vampire flickers and vanishes!
Deactivating autopickup; reactivate with Ctrl-A.
You're too confused to move!
You feel less confused. Something hits you. Something bites you!
Something draws strength from your injuries!
You closely miss something. Your squeeze misses something.
You hear some strange, mumbled words.
Something tries to affect you, but you resist.
You tentacle-slap something.
You hear a zap.
Your mind is blasted!
You closely miss something. You squeeze something.
You hear a zap.
Your mind is blasted!
You bludgeon something! Your squeeze misses something.
You hear a zap.
Your mind is blasted!
* * * LOW HITPOINT WARNING * * *
Your transformation has ended.
You turn into a tree.
Your roots penetrate the ground.
Something hits you but does no damage. Something bites you but does no damage.
You cannot move.
You closely miss something. Something hits you but does no damage.
Something bites you but does no damage.
You miss something. Something draws life force from you!
You die...

### ### #.# #.# #.#
###########.# #.# ##
#...........# #.# ~##
#...........# #.# ~~#
#.###.###...###.# ~~#
#..##......♣....# ~~#
##..##......{###.#### ~~#
#<..##.###..........# ~~#
#........#..........#
~####...##.###..####.##.#
##......##.# #..# #.##.#
#####...##.# #..# #.##.#
.####...##.###..# #.##.#
.............#..# #.##.#


There were no monsters in sight!

Vanquished Creatures
  An ice beast (D:6)
  A black bear (D:4)
  A centaur (D:6)
  A phantom (D:5)
  3 wights (D:6)
  A howler monkey (D:3)
  An electric eel (D:6)
  2 hounds (D:5)
  2 orc priests (D:4)
  4 iguanas
  A sleepcap (D:5)
  An orc wizard (D:4)
  Robin (D:2)
  3 adders
  A shadow imp (D:6)
  A white imp (D:6)
  2 ufetubi
  5 worms
  4 dart slugs
  10 orcs
  5 endoplasms (D:1)
  2 giant cockroaches (D:4)
  13 goblins
  10 hobgoblins
  6 kobolds
  7 quokkas
  3 ball pythons
  A bat (D:1)
  13 frilled lizards
  4 rats
110 creatures vanquished.

Notes
Turn   | Place    | Note
-------+----------+-------------------------------------------
     0 | D:1      | LeprechaunX the Octopode Shapeshifter began the quest for
                  | the Orb.
     0 | D:1      | Reached XP level 1. HP: 13/13 MP: 1/1
    74 | D:1      | Reached XP level 2. HP: 18/18 MP: 2/2
   326 | D:1      | Found Ditsel's Assorted Antiques.
   767 | D:2      | Reached XP level 3. HP: 14/23 MP: 3/3
  1259 | D:2      | Noticed Robin
  1352 | D:2      | Killed Robin
  1353 | D:2      | Reached XP level 4. HP: 5/29 MP: 4/4
  1639 | D:3      | You fall into a shaft and drop 3 floors!
  1645 | D:6      | Found Luill's Jewellery Boutique.
  1671 | D:5      | Entered Level 5 of the Dungeon
  2492 | D:3      | Reached skill level 4 in Shapeshifting
  2492 | D:3      | Reached XP level 5. HP: 30/34 MP: 5/5
  3339 | D:4      | Reached XP level 6. HP: 41/41 MP: 6/6
  3450 | D:4      | Found a staircase to the Ecumenical Temple.
  3581 | Temple   | Entered the Ecumenical Temple
  3596 | Temple   | Became a worshipper of Hepliaklqana the Forgotten
  3625 | D:4      | Noticed a black bear
  3653 | D:4      | Killed a black bear
  4120 | D:5      | Reached skill level 5 in Shapeshifting
  4124 | D:5      | Reached XP level 7. HP: 45/46 MP: 7/7
  4286 | D:5      | Found a shadowy altar of Dithmenos.
  4395 | D:5      | Found Dejeux's Overcharged Wands.
  4730 | D:6      | Reached skill level 6 in Shapeshifting
  4730 | D:6      | Reached XP level 8. HP: 46/54 MP: 8/8
  4828 | D:6      | Found a shimmering blue altar of Sif Muna.
  4852 | D:6      | Reached skill level 5 in Unarmed Combat
  6214 | D:6      | Noticed a vampire
  6403 | D:6      | Killed from afar by a vampire

Illustrated notes

Levels and vault maps discovered:
D:1:      lemuel_arrival_muddy, layout_rooms, serial_shops, shop,
          minmay_tromino_v4_b
D:2:      layout_basic, uniq_robin
D:3:      layout_basic, chequers_serial_rivers_micro_e, grunt_ministairs_15,
          minmay_lizard_king
D:4:      layout_basic, minmay_temple_entry_statues
D:5:      layout_rooms, nicolae_overflow_hidden_temple,
          nicolae_shop_overcharged_wands
D:6:      layout_basic, fedhas_altar_fruit_tree, nicolae_overflow_crystal_walls,
          led_sif_pool, serial_shops, nicolae_shop_tiny_real_fake_doors,
          serial_bayou_lake_a
Temple:   hellmonk_temple_forest_ring

Skill      XL: |  1  2  3  4  5  6  7  8 |
---------------+-------------------------+-----
Fighting       | 2 3 4 |  4.2
Shapeshifting  | 4 5 6 |  6.3
Dodging        | 3 4 |  4.0
Unarmed Combat | 4 5 |  5.1

Action                     |  1- 3 |  4- 6 |  7- 9 || total
---------------------------+-------+-------+-------++-------
  Melee: Unarmed           |    65 |   126 |    66 ||   257
         Constrict         |    20 |    31 |    13 ||    64
         Tentacles         |    15 |    23 |    15 ||    53
         Punch             |     2 |     5 |     1 ||     8
   Fire: Sling             |       |    10 |    30 ||    40
  Throw: Boomerang         |       |       |     6 ||     6
    Use: Potion            |       |       |     1 ||     1
   Stab: Sleeping          |     6 |     7 |       ||    13
 Armour: Skin              |    26 |    46 |    63 ||   135
  Dodge: Dodged            |    36 |    87 |    46 ||   169

Table legend: (Time is in decaauts)
 A = Elapsed time spent in this place.
 B = Non-inter-level travel time spent in this place.
 C = Inter-level travel time spent in this place.
 D = Time resting spent in this place.
 E = Time spent auto-exploring this place.
 F = Levels seen in this place.
 G = Mean time per level.
                   A        B        C        D        E       F      G
               +--------+--------+--------+--------+--------+-----+--------+
         Total |   6395 |   6262 |    133 |   1749 |   3298 |   7 |  913.6 |
       Dungeon |   6366 |   6261 |    105 |   1749 |   3298 |   6 | 1061.0 |
        Temple |     29 |      2 |     27 |      0 |      0 |   1 |   29.0 |
               +--------+--------+--------+--------+--------+-----+--------+

Top non-repeatable levels by time:
     D:6: 1822 daAuts
     D:3: 1123 daAuts
     D:4: 1115 daAuts
     D:2: 1085 daAuts
     D:5: 683 daAuts
     D:1: 535 daAuts
  Temple: 29 daAuts
